 Dungeon Crawl Stone Soup version 0.32-a0-470-g255bbe2 (webtiles) character file.

Game seed: 14419599959904865699

280 Dorkslayer the Slasher (level 6, 0/47 HPs)
             Began as a Coglin Gladiator on Feb 25, 2024.
             Succumbed to a hornet's poison
             ... on level 4 of the Dungeon.
             The game lasted 00:07:32 (2034 turns).

Dorkslayer the Slasher (Coglin Gladiator)           Turns: 2034, Time: 00:07:33

Health: 0/47       AC: 10    Str: 13    XL:     6   Next: 27%
Magic:  6/6        EV:  8    Int:  6    God:
Gold:   226        SH:  0    Dex: 22    Spells: 5/5 levels left

rFire   . . .        f - +6 whip of the Tent {vamp, rPois rC+ SInv}
rCold   + . .        m - +3 short sword (vamp) {Kendra}
rNeg    . . .        b - +0 chain mail
rPois   +            c - +1 helmet
rElec   .            (no cloak)
rCorr   .            (no gloves)
SInv    +            (no boots)
Will    .....        (no amulet) Stlth
                     (ring unavailable)
HPRegen 0.27/turn    (ring unavailable)
MPRegen 0.10/turn

%: no passive effects
@: lethally poisoned (0 -> -1), revved
A: off-hand wielding, slow wielding, warmup strikes, no rings, agile 1,
MP-powered wands
a: no special abilities


You were on level 4 of the Dungeon.
You visited 1 branch of the dungeon, and saw 4 of its levels.

You collected 226 gold pieces.

Inventory:

Hand Weapons
 a - a +0 long sword {Agam}
 f - the +6 whip of the Tent (weapon) {vamp, rPois rC+ SInv}
   (You took it off a kobold on level 3 of the Dungeon)

   rC+:       It protects you from cold.
   rPois:     It protects you from poison SInv: It lets you see invisible.
 h - a +0 vampiric long sword
 m - a +3 vampiric short sword (offhand) {Kendra}
Missiles
 d - 3 throwing nets (quivered)
 e - a javelin
 k - 6 darts of dispersal
Armour
 b - a +0 chain mail (worn)
 c - a +1 helmet (worn)
 j - the +0 ring mail of the Big Bang {Regen+ SInv}
   (You took it off a hobgoblin on level 2 of the Dungeon)

   SInv:      It lets you see invisible.
   Regen+:    It increases your rate of health regeneration.
Scrolls
 g - a scroll of blinking
 n - a scroll of teleportation
Potions
 i - 3 potions of brilliance


   Skills:
 + Level 3.2 Fighting
 + Level 1.4(3.2) Short Blades
 + Level 5.0(5.2) Long Blades
 + Level 1.8 Throwing
 + Level 1.3 Armour
 + Level 3.3 Dodging
 + Level 0.2 Stealth


You had 5 spell levels left.
You didn't know any spells.
Your spell library contained the following spells:

 Spells                   Type           Power      Damage    Failure   Level
 Lesser Beckoning         Tloc           0%         N/A       100%        2
 Gell's Gravitas          Tloc           0%         N/A       100%        3
 Ozocubu's Armour         Ice            0%         N/A       100%        3
 Teleport Other           Tloc           0%         N/A       100%        3
 Tukima's Dance           Hex            0%         N/A       100%        3
 Dimensional Bullseye     Hex/Tloc       0%         N/A       100%        4
 Iskenderun's Mystic Bla  Conj/Tloc      0%         2d3       100%        4
 Metabolic Englaciation   Hex/Ice        0%         N/A       100%        5
 Sculpt Simulacrum        Ice/Alch       0%         N/A       100%        6


Dungeon Overview and Level Annotations

Branches:
Dungeon (4/15)
 Temple: D:4-7

Altars:
The Shining One

Shops:
D:1 =


Innate Abilities, Weirdness & Mutations

You can wield a second weapon in your off-hand.
It takes a long time for you to wield or remove held weapons.
Your first few attacks do less damage.
Your grasper-arms cannot wear rings.
You are agile. (Dex +4, Str/Int -1)
You expend magic power (3 MP) to strengthen your wands.


Message History

You closely miss the hornet with your +3 vampiric short sword.
The hornet is lightly wounded.
You hit the hornet with the +6 whip of the Tent.
You feel better.
You feel very sick. The hornet barely misses you.
A ribbon worm comes into view.
The hornet stings you.
Okay, then.
Okay, then.
As you read the scroll of teleportation, it crumbles to dust.
You feel strangely unstable.
You feel yourself speed up.
You feel very sick.
The hornet stings you but does no damage.
The hornet stings you!
* * * LOW HITPOINT WARNING * * *
Okay, then.
You miss the hornet with your +3 vampiric short sword.
The hornet is lightly wounded.
You closely miss the hornet with the +6 whip of the Tent.
* * * LOW HITPOINT WARNING * * *
You feel sick.
The hornet stings you but does no damage.
Unknown command.
You whack the hornet with the +6 whip of the Tent!
The hornet is moderately wounded.
You hit the hornet with your +3 vampiric short sword.
You feel better.
Your surroundings suddenly seem different.
* * * LOW HITPOINT WARNING * * *
You feel sick.
Unknown command.
* * * LOW HITPOINT WARNING * * *
You feel sick.
Unknown command.
* * * LOW HITPOINT WARNING * * *
You feel sick.
Unknown command.
You die...

#.#####.# #.#
#..###### #....##.#
#.#####......#
#....##.#
#.............
#....##.####.#
###########.#.
#............#
........##
#....##.######
........#
#....##†####
........#
#....##....##########
........#
##########.#...@....+
........#
#.#.########
........#
#..........+
........+
###.######## #.# #.#
#.#####.# #.......#
#######.# #.#


There were no monsters in sight!

Vanquished Creatures
  The ghost of yakattack the Changeling, an amateur DrSh (D:3)
  A hound (D:4)
  An orc priest (D:3)
  3 adders
  A ribbon worm (D:3)
  4 orcs
  5 ball pythons
  2 bats
  3 endoplasms
  4 giant cockroaches (D:2)
  9 goblins
  5 hobgoblins
  2 quokkas
  13 frilled lizards
  6 kobolds
  3 rats
63 creatures vanquished.

Notes
Turn   | Place    | Note
-------+----------+-------------------------------------------
     0 | D:1      | Dorkslayer the Coglin Gladiator began the quest for the
                  | Orb.
     0 | D:1      | Reached XP level 1. HP: 16/16 MP: 1/1
   223 | D:1      | Reached XP level 2. HP: 23/23 MP: 2/2
   519 | D:1      | Found Lomaf's Jewellery Emporium.
   671 | D:2      | Reached XP level 3. HP: 25/28 MP: 3/3
   774 | D:2      | Gained mutation: You expend magic power (3 MP) to
                  | strengthen your wands. [potion of mutation]
   774 | D:2      | Gained mutation: You are agile. (Dex +4, Str/Int -1)
                  | [potion of mutation]
   857 | D:2      | Identified the +0 ring mail of the Big Bang {Regen+ SInv}
  1041 | D:2      | Reached XP level 4. HP: 34/34 MP: 4/4
  1230 | D:3      | Found a glowing golden altar of the Shining One.
  1305 | D:3      | Found a transporter.
  1306 | D:3      | Noticed yakattack's ghost (amateur DrSh)
  1309 | D:3      | Found a transporter.
  1327 | D:3      | Identified the +6 whip of the Tent {vamp, rPois rC+ SInv}
  1444 | D:3      | Reached skill level 1 in Armour
  1614 | D:3      | Reached skill level 4 in Long Blades
  1614 | D:3      | Reached XP level 5. HP: 40/40 MP: 5/5
  1793 | D:3      | Killed yakattack's ghost
  1794 | D:3      | Reached skill level 1 in Short Blades
  1794 | D:3      | Reached XP level 6. HP: 38/47 MP: 6/6
  1968 | D:4      | Reached skill level 5 in Long Blades
  2024 | D:4      | Noticed a hornet
  2030 | D:4      | HP: 2/47 [poisoned by a hornet]
  2034 | D:4      | Succumbed to a hornet's poison

Illustrated notes

Levels and vault maps discovered:
D:1:      minmay_arrival_widening_spiral_wide, layout_basic, serial_shops,
          nicolae_lakefront_shop
D:2:      layout_rooms, minmay_lizard_pond
D:3:      layout_loops_ring, overflow_temple_1_default, gammafunk_ghost_arena,
          eino_tiny_chamber
D:4:      layout_basic, due_unseen_surprise

Skill      XL: |  1  2  3  4  5  6 |
---------------+-------------------+-----
Dodging        | 3 |  3.3
Armour         | 1 |  1.3
Long Blades    | 4 5 |  5.0
Fighting       | 3 |  3.2
Short Blades   | 1 |  1.4
Throwing       | |  1.8
Stealth        | |  0.2

Action                     |  1- 3 |  4- 6 || total
---------------------------+-------+-------++-------
  Melee: Long sword        |    59 |    33 ||    92
         Short sword       |    55 |    45 ||   100
         Whip              |       |    13 ||    13
    Use: Scroll            |     6 |     6 ||    12
         Potion            |     1 |     3 ||     4
 Armour: Leather armour    |    37 |       ||    37
         Ring mail         |     6 |       ||     6
         Chain mail        |       |    43 ||    43
  Dodge: Dodged            |    53 |    14 ||    67

Table legend: (Time is in decaauts)
 A = Elapsed time spent in this place.
 B = Non-inter-level travel time spent in this place.
 C = Inter-level travel time spent in this place.
 D = Time resting spent in this place.
 E = Time spent auto-exploring this place.
 F = Levels seen in this place.
 G = Mean time per level.
                   A        B        C        D        E       F      G
               +--------+--------+--------+--------+--------+-----+--------+
         Total |   2039 |   2039 |      0 |      0 |   1054 |   4 |  509.8 |
       Dungeon |   2039 |   2039 |      0 |      0 |   1054 |   4 |  509.8 |
               +--------+--------+--------+--------+--------+-----+--------+

Top non-repeatable levels by time:
     D:3: 731 daAuts
     D:1: 665 daAuts
     D:2: 488 daAuts
     D:4: 154 daAuts
